 Dungeon Crawl Stone Soup version 0.28-a0-1429-gf3d713df7a (webtiles) character file.

Game seed: 12014250973330035347

7310 1player the Fighter (level 11, -3/84 HPs)
             Began as a Djinni Fire Elementalist on Jan 8, 2022.
             Was an Elder of Nemelex Xobeh.
             Slain by a centaur warrior zombie (7 damage)
             ... on level 10 of the Dungeon.
             The game lasted 00:59:17 (16246 turns).

1player the Fighter (Djinni Fire Elementalist)     Turns: 16246, Time: 00:59:17

Health: -3/84      AC:  5    Str: 13    XL:     11   Next: 34%
Gold:   948        EV: 14    Int: 21    God:    Nemelex Xobeh [****..] SH:  5 Dex: 14

rFire   + + +      SeeInvis .   b - +8 short sword of the Lamprey {freeze, *Slow rElec Str+6}
rCold   + . .      Faith    .   P - +0 buckler
rNeg    . . .      Spirit   .   J - +0 steam dragon scales
rPois   ∞          Reflect  .   (no helmet)
rElec   +          Harm     .   D - scarf {rC+ rF+}
rCorr   .          Rampage  .   (no gloves)
Will    +....                   (boots unavailable)
Stlth   ++........              (no amulet)
HPRegen 0.24/turn               U - +4 ring of protection
MPRegen 0.00/turn               z - ring of protection from cold

@: corroded, flying
A: sickness immunity, fire resistance 2, cold vulnerability 1, float, innate
caster, hp casting, extra vitality 1
a: Renounce Religion, Draw Escape, Draw Destruction, Draw Summoning, Triple
Draw, Deal Four


You were on level 10 of the Dungeon.
You worshipped Nemelex Xobeh.
Nemelex Xobeh was greatly pleased with you.
You visited 1 branch of the dungeon, and saw 10 of its levels.
You also visited: Bailey.

You collected 1345 gold pieces.
You spent 397 gold pieces at shops.

Inventory:

Hand Weapons
 a - a +6 trident
 b - the +8 short sword of the Lamprey (weapon) {freeze, *Slow rElec Str+6}
   (You found it on level 7 of the Dungeon)

   It freezes those it strikes, dealing additional cold damage.
   It can also slow down cold-blooded creatures.
   Str:       It affects your strength (+6).
   rElec:     It insulates you from electricity.
   *Slow:     It may slow you when you take damage.
 R - a +3 glaive
Missiles
 W - 17 poisoned darts
Armour
 y - an orb of guile
 D - a scarf of resistance (worn)
 J - +0 steam dragon scales (worn)
 P - a +0 buckler (worn)
Jewellery
 w - a ring of see invisible
 z - a ring of protection from cold (right hand)
 C - a ring of protection from fire
 U - a +4 ring of protection (left hand)
Wands
 H - a wand of iceblast (7)
 L - a wand of mindburst (10)
 Q - a wand of flame (30)
 V - a wand of acid (11)
Scrolls
 M - 2 scrolls of identify {@r1}
 S - 2 scrolls of summoning
 Y - 3 scrolls of enchant weapon
 Z - 5 scrolls of enchant armour
Potions
 d - 4 potions of mutation {!q}
 e - 3 potions of lignification
 h - 8 potions of curing {@q1}
 i - 3 potions of might
 u - 2 potions of berserk rage
 x - 2 potions of brilliance
 B - a potion of magic {unknown}
 E - a potion of cancellation
 F - 5 potions of haste
 G - a potion of resistance {unknown}
 I - 3 potions of heal wounds {@q2}
 O - a potion of flight {unknown}
 T - 2 potions of invisibility
 X - 3 potions of experience


   Skills:
 - Level 9.0 Fighting
 - Level 6.2 Dodging
 - Level 1.5 Stealth
 - Level 4.0 Shields
 + Level 8.4 Spellcasting
 + Level 6.7 Invocations
 - Level 1.0 Evocations


You couldn't memorise any spells.
You knew the following spells:

 Your Spells              Type           Power      Damage    Failure   Level
a - Freeze                Ice            100%       1d11      1%          1
b - Foxfire               Conj/Fire      100%       2x1d9     1%          1
c - Conjure Flame         Conj/Fire      44%        6-21      1%          3
d - Inner Flame           Hex/Fire       44%        N/A       1%          3
e - Flame Wave            Conj/Fire      44%        2d8       3%          4
f - Frozen Ramparts       Ice            88%        1d10      1%          3
q - Summon Lightning Spi  Summ/Air       44%        N/A       3%          4
s - Cause Fear            Hex            22%        N/A       3%          4
x - Searing Ray           Conj           88%        2d7       1%          2
z - Scorch                Fire           88%        2d9       1%          2
Your spell library was empty.

Dungeon Overview and Level Annotations

Branches:
Dungeon (10/15)            Temple (0/1) D:5            Lair (0/6) D:8
 Bailey (visited)
    Orc: D:9-12

Altars:
Ashenzari
Cheibriados
Dithmenos
Elyvilon
Gozag
Nemelex Xobeh
Okawaru
Ru
Trog
Yredelemnul

Shops:
D:3 !   D:4 =   D:5 *   D:8 !

Annotations:
D:2 exclusion: downstairs
D:3 exclusion: 4 doors


Innate Abilities, Weirdness & Mutations

You are immune to sickness and miasma.
You are immune to poison.
Your flesh is very heat resistant. (rF++)
You are vulnerable to cold. (rC-)
You float through the air rather than walking.
You learn spells naturally, not from books.
Your magical power is your life essence.
You have superior vitality. (+4 MHP)


Message History

Your lightning spire cannot move out of your way!
The gnoll sergeant barely misses you.
You block the howler monkey zombie's attack.
The acid dragon bites you but does no damage.
The acid dragon claws you but does no damage.
A centaur warrior zombie comes into view.
Okay, then.
Press: ? - help, v - describe, . - travel
Here: an acid dragon The floor.
You draw... (choose one card, ? for their descriptions)
a - the Cloud
b - the Tomb c - Exile You draw... (choose one card, ? for their descriptions)
a - the Cloud
b - the Tomb c - Exile You have drawn Exile.
The acid dragon spits acid at you. The splash of acid hits you!!
* * * LOW HITPOINT WARNING * * *
You block the centaur warrior zombie's attack. x2
As you read the scroll of fear, it crumbles to dust.
You assume a fearsome visage.
The centaur warrior zombie is unaffected.
The centaur warrior zombie is unaffected.
The acid dragon looks frightened!
The howler monkey zombie is unaffected.
The gnoll sergeant looks frightened!
The centaur warrior zombie closely misses you.
You block the centaur warrior zombie's attack.
Your lightning spire shoots out a bolt of lightning at the acid dragon!
The bolt of electricity hits the acid dragon!
Your lightning spire's attack snaps the acid dragon out of its fear.
Okay, then.
As you read the scroll of summoning, it crumbles to dust.
Wisps of shadow whirl around you... The centaur warrior zombie hits you!
You die...
Your body glows slightly and disappears.

+... ..§## #≈.. ..≈≈# #≈§..
...≈# # #§§.. ⌠..≈# .
#§..#####....+ #
#≈≈Y.YY..)..≈#
#§§§ZZZ.).≈≈# ###§≈@.Zg.≈≈#
#.###§≈DY§§## .
############...####8###....
...........................
...............(...........
###############..##########
#..#
###############..######
..>....................


You could see an acid dragon (ally target), a gnoll sergeant (fleeing), 2
centaur warrior zombies, a howler monkey zombie (ally target), 4 friendly yaks,
a friendly lightning spire (summoned) and a friendly centaur warrior zombie
(summoned).

Vanquished Creatures
  A swamp dragon (Bailey)
  An orc knight (Bailey)
  A cyclops (D:9)
  Maggie (D:6)
  A komodo dragon (D:8)
  Prince Ribbit (D:6)
  A yak (D:9)
  2 steam dragons
  Menkaure (D:6)
  A water moccasin (D:8)
  2 sky beasts
  2 black bears
  A hornet zombie (D:6)
  8 orc warriors
  3 ogres
  A centaur (Bailey)
  2 phantoms
  A kobold brigand (D:6)
  A bullfrog (D:7)
  6 scorpions
  A wyvern zombie (D:8)
  A wyvern skeleton (D:7)
  2 water moccasin skeletons (D:4)
  5 wights (D:6)
  2 howler monkeys
  2 centaur zombies
  A hound (D:5)
  A jelly (D:6)
  A bullfrog zombie (D:5)
  6 orc priests
  2 bullfrog skeletons (D:5)
  4 iguanas
  Jessica (D:3)
  4 orc wizards
  A killer bee zombie (D:6)
  A howler monkey zombie (D:9)
  3 gnolls (D:10)
  2 adders
  A shadow imp (D:7)
  2 ufetubi
  An adder skeleton (D:5)
  A worm (D:2)
  2 dart slugs
  48 orcs
  8 ball pythons
  7 bats
  8 endoplasms
  A giant cockroach (D:1)
  6 hobgoblins
  2 jackals (D:2)
  7 kobolds
  5 quokkas
  4 frilled lizards
  6 goblins
  3 rats
190 creatures vanquished.

Vanquished Creatures (collateral kills)
  A troll (D:9)
  4 yaks (D:9)
  A black bear (D:3)
  2 orc warriors
  2 orc priests (D:9)
  An orc (D:9)
11 creatures vanquished.

Vanquished Creatures (others)
  A moth of wrath (Bailey)
  123 foxfires
  A plant (D:8)
125 creatures vanquished.

Grand Total: 326 creatures vanquished

Notes
Turn   | Place    | Note
-------+----------+-------------------------------------------
     0 | D:1      | 1player the Djinni Fire Elementalist began the quest for
                  | the Orb.
     0 | D:1      | Reached XP level 1. HP: 15/15 MP: 0/0
   633 | D:1      | Reached skill level 1 in Fighting
   633 | D:1      | Reached XP level 2. HP: 20/22 MP: 0/0
  1353 | D:1      | Reached skill level 2 in Fighting
  1353 | D:1      | Reached XP level 3. HP: 28/28 MP: 0/0
  1353 | D:1      | Learned a level 1 spell: Freeze
  1592 | D:2      | Found a faded altar of an unknown god.
  1653 | D:2      | Found a sparkling altar of Nemelex Xobeh.
  1658 | D:2      | Became a worshipper of Nemelex Xobeh the Trickster
  2656 | D:3      | Noticed a black bear
  2711 | D:3      | Reached * piety under Nemelex Xobeh
  2869 | D:3      | Found Yjae's Distillery.
  2877 | D:3      | Bought a potion of curing for 42 gold pieces
  2995 | D:3      | Noticed Jessica
  2996 | D:3      | Killed Jessica
  2997 | D:3      | Reached skill level 3 in Fighting
  2997 | D:3      | Reached XP level 4. HP: 32/35 MP: 0/0
  3286 | D:3      | Reached skill level 1 in Evocations
  3337 | D:3      | Reached XP level 5. HP: 30/40 MP: 0/0
  3337 | D:3      | Learned a level 2 spell: Searing Ray
  4275 | D:3      | Received a gift from Nemelex Xobeh
  4530 | D:4      | Reached XP level 6. HP: 36/47 MP: 0/0
  4621 | D:3      | Reached skill level 4 in Fighting
  4621 | D:3      | Reached skill level 1 in Invocations
  4922 | D:4      | Found a sacrificial altar of Ru.
  5028 | D:3      | Bought a potion of degeneration for 14 gold pieces
  5028 | D:3      | Bought a potion of lignification for 42 gold pieces
  5067 | D:3      | Killed a black bear
  5068 | D:3      | Reached XP level 7. HP: 53/53 MP: 0/0
  5068 | D:3      | Learned a level 3 spell: Frozen Ramparts
  5406 | D:4      | Found a white marble altar of Elyvilon.
  5406 | D:4      | Found a bloodstained altar of Trog.
  5617 | D:4      | Found Aje Pain's Jewellery Emporium.
  5978 | D:4      | Reached skill level 5 in Fighting
  6419 | D:5      | Entered Level 5 of the Dungeon
  6419 | D:5      | Reached ** piety under Nemelex Xobeh
  6546 | D:5      | Found Voreisof's Fire Supplies.
  6572 | D:5      | Reached XP level 8. HP: 50/59 MP: 0/0
  6644 | D:5      | Found a staircase to the Ecumenical Temple.
  7190 | D:5      | Received a gift from Nemelex Xobeh
  7326 | D:5      | Found an iron altar of Okawaru.
  7885 | D:5      | Reached skill level 6 in Fighting
  8103 | D:6      | Reached skill level 5 in Spellcasting
  8809 | D:6      | Found a shadowy altar of Dithmenos.
  8876 | D:5      | Reached XP level 9. HP: 52/66 MP: 0/0
  8876 | D:5      | Learned a level 4 spell: Cause Fear
  9260 | D:6      | Noticed Prince Ribbit
  9269 | D:6      | Killed Prince Ribbit
  9270 | D:6      | Reached skill level 5 in Dodging
  9663 | D:6      | Reached *** piety under Nemelex Xobeh
  9794 | D:6      | Noticed Menkaure
  9812 | D:6      | Killed Menkaure
  9967 | D:6      | Found a broken altar of Ashenzari.
 10077 | D:6      | Noticed Maggie
 10093 | D:6      | Killed Maggie
 10191 | D:7      | Identified a scroll of acquirement
 10191 | D:7      | Acquired 710 gold pieces
 10199 | D:7      | Identified the +8 short sword of the Lamprey {freeze, *Slow
                  | rElec Str+6}
 10304 | D:7      | Found an opulent altar of Gozag.
 10376 | D:7      | Found a basalt altar of Yredelemnul.
 10447 | D:7      | Received a gift from Nemelex Xobeh
 10690 | D:7      | Reached XP level 10. HP: 61/73 MP: 0/0
 10770 | D:7      | Reached skill level 1 in Shields
 10826 | D:7      | Reached skill level 5 in Invocations
 11129 | D:8      | Found a snail-covered altar of Cheibriados.
 11469 | D:8      | Found Lucsynopp's Distillery.
 11472 | D:8      | Bought a potion of invisibility for 104 gold pieces
 11472 | D:8      | Bought a potion of haste for 130 gold pieces
 11472 | D:8      | Bought a potion of heal wounds for 65 gold pieces
 12073 | D:8      | Noticed a komodo dragon
 12090 | D:8      | Killed a komodo dragon
 12091 | D:8      | Reached skill level 7 in Fighting
 12664 | D:8      | Found a staircase to the Lair.
 12927 | D:9      | Received a gift from Nemelex Xobeh
 12947 | D:9      | Found a flagged portal.
 12952 | D:9      | Reached **** piety under Nemelex Xobeh
 12956 | Bailey   | Entered a bailey
 13272 | Bailey   | Noticed an orc knight
 13273 | Bailey   | Noticed an orc knight
 13285 | Bailey   | Noticed a moth of wrath
 13285 | Bailey   | an orc knight changed into a moth of wrath
 13285 | Bailey   | Noticed a swamp dragon
 13285 | Bailey   | an orc knight changed into a swamp dragon
 13291 | Bailey   | Noticed an orc knight
 13292 | Bailey   | Killed a moth of wrath
 13501 | Bailey   | Killed a swamp dragon
 13502 | Bailey   | Reached skill level 8 in Fighting
 13671 | Bailey   | Killed an orc knight
 13672 | Bailey   | Reached XP level 11. HP: 47/82 MP: 0/0
 13672 | Bailey   | Learned a level 4 spell: Summon Lightning Spire
 14199 | D:9      | Noticed a cyclops
 14308 | D:9      | Killed a cyclops
 14747 | D:9      | Reached skill level 9 in Fighting
 14817 | D:9      | Noticed a cyclops
 15134 | D:9      | Received a gift from Nemelex Xobeh
 16066 | D:10     | Entered Level 10 of the Dungeon
 16080 | D:10     | Received a gift from Nemelex Xobeh
 16244 | D:10     | HP: 3/84 [acid dragon/splash of acid (20)]
 16246 | D:10     | Slain by a centaur warrior zombie

Illustrated notes

Levels and vault maps discovered:
D:1:      dpeg_arrival_chambers_temple_mockup, layout_basic
D:2:      layout_loops_cross, hellmonk_ecumenical_altar_dog_temple, basic_altar
D:3:      minmay_razor_zed, layout_basic, serial_shops,
          nicolae_shop_temple_entry_statues_fountains, uniq_jessica
D:4:      layout_loops_ring, gammafunk_temple_overflow_forgotten, serial_shops,
          shop
D:5:      layout_gridville, okawaru_ov_weapons_minmay,
          minmay_temple_entry_statues_fountains, nicolae_shop_fire_sale
          [nicolae_sub_dead_trees]
D:6:      layout_basic, nicolae_overflow_hidden_temple, marbit_many_paths,
          uniq_prince_ribbit1, uniq_menkaure, uniq_maggie
D:7:      kennysheep_six_static_rooms, layout_cave_pools,
          mainiacjoe_overflow_alcove_4, mainiacjoe_overflow_small_starburst,
          hangedman_decor_push
D:8:      layout_basic, mainiacjoe_overflow_concentric_impassable,
          grunt_lair_entry_orc_guard_hut, serial_shops, kennysheep_mini,
          supply_closet_lemuel
D:9:      layout_stronghold, enter_bailey_2
D:10:     layout_long_grid, lightli_temple_of_fire, zombieorc2_lemuel,
          serial_shops, nicolae_lakefront_shop, kennysheep_potato

Skill      XL: |  1  2  3  4  5  6  7  8  9 10 11 |
---------------+----------------------------------+-----
Fighting       | 1 2 3 4 5 6 8 9 |  9.0
Spellcasting   | 3 4 5 6 7 8 |  8.4
Evocations     | 1 |  1.0
Dodging        | 3 6 |  6.2
Invocations    | 2 3 4 6 |  6.7
Shields        | 4 |  4.0
Stealth        | |  1.5

Action                   |  1- 3 |  4- 6 |  7- 9 | 10-12 || total
-------------------------+-------+-------+-------+-------++-------
Melee: Spear             |    24 |       |       |       ||    24
       Punch             |     1 |       |       |       ||     1
       Falchion          |       |    39 |       |       ||    39
       Dagger            |       |       |    33 |       ||    33
       Short sword       |       |       |    18 |    28 ||    46
       Trident           |       |       |       |     8 ||     8
 Cast: Foxfire           |    55 |    19 |    16 |    13 ||   103
       Scorch            |     6 |    16 |    79 |    58 ||   159
       Freeze            |     3 |       |     5 |       ||     8
       Searing Ray       |       |     8 |    10 |     2 ||    20
       Inner Flame       |       |     1 |       |     2 ||     3
       Frozen Ramparts   |       |       |     8 |     8 ||    16
       Conjure Flame     |       |       |     4 |     5 ||     9
       Flame Wave        |       |       |     1 |    18 ||    19
       Summon Lightning  |       |       |       |     5 ||     5
       Cause Fear        |       |       |       |     1 ||     1
Invok: Draw Summoning    |       |     1 |       |       ||     1
       Draw Destruction  |       |       |     2 |     2 ||     4
       Deal Four         |       |       |       |     1 ||     1
       Triple Draw       |       |       |       |     1 ||     1
Evoke: Wand              |       |       |       |     3 ||     3
  Use: Scroll            |     1 |     2 |    12 |     8 ||    23
       Potion            |       |     1 |       |     1 ||     2
 Stab: Sleeping          |     3 |     3 |     2 |       ||     8
Armor: Robe              |    16 |     3 |     3 |       ||    22
       Leather armour    |       |       |     5 |       ||     5
       Steam dragon scal |       |       |     9 |    20 ||    29
Dodge: Dodged            |    30 |    36 |    87 |    68 ||   221
Block: Buckler           |       |       |     1 |    22 ||    23

Table legend: (Time is in decaauts)
 A = Elapsed time spent in this place.
 B = Non-inter-level travel time spent in this place.
 C = Inter-level travel time spent in this place.
 D = Time resting spent in this place.
 E = Time spent auto-exploring this place.
 F = Levels seen in this place.
 G = Mean time per level.
                   A        B        C        D        E       F      G
               +--------+--------+--------+--------+--------+-----+--------+
         Total |  16276 |  15687 |    589 |   5961 |   5940 |  11 | 1479.6 |
       Dungeon |  15218 |  14629 |    589 |   5250 |   5940 |  10 | 1521.8 |
        Bailey |   1057 |   1057 |      0 |    711 |      0 |   1 | 1057.0 |
               +--------+--------+--------+--------+--------+-----+--------+

Top non-repeatable levels by time:
     D:3: 2272 daAuts
     D:5: 2223 daAuts
     D:9: 2110 daAuts
     D:8: 1613 daAuts
     D:1: 1589 daAuts
     D:6: 1546 daAuts
     D:4: 1435 daAuts
     D:2: 1136 daAuts
     D:7: 1110 daAuts
  Bailey: 1057 daAuts
    D:10: 179 daAuts
